 Dungeon Crawl Stone Soup version 0.30.0-11-gf55b779eaf (webtiles) character file.

Game seed: 10000671970563388251

3866 hawla the Thaumaturge (level 9, 0/46 HPs)
             Began as a Deep Elf Fire Elementalist on May 16, 2023.
             Was a Priest of Vehumet.
             Slain by an orc warrior
             ... wielding a +0 broad axe
              (9 damage)
             ... in a bailey on May 17, 2023.
             The game lasted 00:27:22 (8053 turns).

hawla the Thaumaturge (Deep Elf Fire Elementalist)  Turns: 8053, Time: 00:27:22

Health: 0/46       AC: 12    Str:  5    XL:     9   Next: 99%
Magic:  18/26      EV: 14    Int: 25    God:    Vehumet [***...]
Gold:   128        SH:  0    Dex: 15    Spells: 18/30 levels left

rFire   + + .        B - +3 rapier (drain)
rCold   x . .        (no shield)
rNeg    . . .        a - +0 steam dragon scales
rPois   .            u - +2 helmet {SInv}
rElec   .            t - +1 cloak
rCorr   .            v - +0 pair of gloves
SInv    +            x - +0 pair of boots
Will    .....        q - amulet of regeneration
Stlth   +++          d - ring of protection from fire
HPRegen 1.07/turn    l - ring of fire
MPRegen 0.20/turn

%: no passive effects
@: no status effects
A: no striking features
a: Renounce Religion


You were in a bailey.
You worshipped Vehumet.
Vehumet was most pleased with you.
You visited 2 branches of the dungeon, and saw 9 of its levels.
You also visited: Ossuary and Bailey.

You collected 492 gold pieces.
You spent 364 gold pieces at shops.

Inventory:

Hand Weapons
 B - a +3 rapier of draining (weapon)
Missiles
 n - 27 poisoned darts (quivered)
 p - 15 curare-tipped darts
 D - a throwing net
Armour
 a - +0 steam dragon scales (worn)
 t - a +1 cloak (worn)
 u - a +2 helmet of see invisible (worn)
 v - a +0 pair of gloves (worn)
 x - a +0 pair of boots (worn)
 C - a +2 robe of cold resistance
Jewellery
 d - a ring of protection from fire (left hand)
 l - a ring of fire (right hand)
 q - an amulet of regeneration (around neck)
Wands
 f - a wand of polymorph (10)
 k - a wand of acid (6)
Scrolls
 e - a scroll of fear
 g - 3 scrolls of poison
 o - 5 scrolls of identify
 s - 4 scrolls of teleportation
 y - a scroll of silence
Potions
 b - a potion of ambrosia
 c - 2 potions of cancellation
 j - 2 potions of brilliance
 m - 5 potions of curing
 r - 3 potions of haste
 w - 3 potions of attraction
 z - 2 potions of flight
 A - 2 potions of invisibility


   Skills:
 + Level 0.6 Fighting
 + Level 2.5 Short Blades
 + Level 0.5 Throwing
 + Level 4.7 Dodging
 + Level 4.2 Stealth
 + Level 11.1 Spellcasting
 + Level 6.9 Conjurations
 + Level 1.5 Necromancy
 + Level 9.0 Fire Magic
 + Level 3.0 Evocations


You had 18 spell levels left.
You knew the following spells:

 Your Spells              Type           Power      Damage    Failure   Level
a - Foxfire               Conj/Fire      100%       2x1d9     1%          1
b - Scorch                Fire           100%       2d9       1%          2
c - Flame Wave            Conj/Fire      69%        2d16      1%          4
d - Vampiric Draining     Necr           21%        2d7       7%          3
e - Blink                 Tloc           26%        N/A       7%          2

Your spell library contained the following spells:

 Spells                   Type           Power      Damage    Failure   Level
 Hailstorm                Conj/Ice       31%        3d8       1%          3
 Momentum Strike          Conj/Tloc      62%        3d9       1%          2
 Inner Flame              Hex/Fire       53%        N/A       1%          3
 Volatile Blastmotes      Fire/Tloc      100%       2d18      1%          3
 Slow                     Hex            52%        N/A       4%          1
 Summon Small Mammal      Summ           52%        N/A       4%          1
 Lesser Beckoning         Tloc           26%        N/A       7%          2
 Call Canine Familiar     Summ           13%        N/A       13%         3
 Confusing Touch          Hex            13%        N/A       13%         3
 Summon Guardian Golem    Hex/Summ       13%        N/A       13%         3
 Orb of Destruction       Conj           24%        9d9       45%         7
 Spellforged Servitor     Conj/Summ      15%        N/A       88%         7


Dungeon Overview and Level Annotations

Branches:
Dungeon (8/15)             Temple (1/1) D:4         Ossuary (visited)
 Bailey (1/1)
   Lair: D:8-11

Altars:
Ashenzari
Cheibriados
Dithmenos
Kikubaaqudgha
Makhleb
Nemelex Xobeh
Okawaru
Qazlal
Ru
Trog
Uskayaw
Vehumet
Wu Jian
Xom
Yredelemnul
Zin
The Shining One

Shops:
D:2 ?   D:4 (   D:6 *


Message History

Confirm with . or Enter, or press ? or * to list all spells.
Casting: Flame Wave (safe; 1% risk of failure)
Press: ? - help, Dir - look around, f - activate You feel a surge of power!
A wave of flame ripples out!
The flame wave engulfs the orc knight!
The orc knight is lightly wounded. (Press . to intensify the flame waves.)
The orc knight closely misses you.
A wave of flame ripples out!
The flame wave engulfs the orc knight.
The orc knight is lightly wounded.
The flame wave engulfs the orc knight.
The orc knight is moderately wounded.
The flame wave engulfs the orc warrior!
The orc warrior is heavily wounded.
The orc knight closely misses you.
The orc knight roars a battlecry!
The orcs go into a battle-frenzy!
The orc warrior hits you with a +0 broad axe!
A wave of flame ripples out!
The flame wave engulfs the orc knight!!
The orc knight is moderately wounded.
The flame wave engulfs the orc knight!
The orc knight is moderately wounded.
The flame wave engulfs the orc warrior!
The orc warrior is severely wounded.
You finish channelling waves of flame.
You hear a shout! x2
The orc knight hits you but does no damage.
The orc knight misses you. The orc warrior closely misses you.
You hear a shout!
Casting: Flame Wave (safe; 1% risk of failure)
Confirm with . or Enter, or press ? or * to list all spells.
You feel a surge of power!
Flames lash the orc knight.
The orc knight is heavily wounded.
The orc knight's fire resistance burns away.
The orc knight hits you with a +0 battleaxe!!
Ouch! That really hurt!
* * * LOW HITPOINT WARNING * * *
The orc knight hits you but does no damage.
The orc warrior hits you with a +0 broad axe!
You die...

###+### ##..(..##
#...8...#
#∩?.../∩# #..ooo#
####''@####
#~.......§##
#~~.......§~#####
.~~.......§~....#
#~~.......~~###.#
.~~.......~~....#
##~~.......~~###.#
..~~.......~~....#
##~~.......~~###.#


You could see 2 orc knights and an orc warrior (strong).

Vanquished Creatures
  Pikel (D:5)
  Prince Ribbit (D:6)
  Eustachio (D:4)
  A steam dragon (D:7)
  Menkaure (D:6)
  Edmund (D:6)
  A water moccasin (D:7)
  Duvessa (D:6)
  A black bear (D:7)
  An orc warrior (D:7)
  3 sky beasts
  2 ogres
  A centaur (D:7)
  An elf zombie (Ossuary)
  4 lemures (D:5)
  3 kobold brigands (Bailey)
  2 bullfrogs (D:6)
  3 scorpions
  Dowan (D:6)
  4 killer bees (D:6)
  A howler monkey (D:5)
  2 centaur zombies (Ossuary)
  A jelly (D:4)
  2 hounds
  A human zombie (Ossuary)
  4 orc priests
  Jessica (D:3)
  2 sleepcaps
  Terence (D:3)
  5 iguanas
  Ijyb (D:4)
  5 orc wizards
  2 mummies (Ossuary)
  8 adders
  A white imp (D:5)
  An ufetubus (D:4)
  2 adder zombies (Ossuary)
  3 worms
  4 dart slugs
  19 orcs
  5 endoplasms
  A giant cockroach (D:3)
  10 goblins
  9 hobgoblins
  5 jackals
  10 kobolds
  5 quokkas
  2 ball pythons (D:1)
  2 bats (D:2)
  3 frilled lizards
  10 hobgoblin zombies (Ossuary)
  4 jackal zombies (Ossuary)
  7 kobold zombies (Ossuary)
  9 orc zombies (Ossuary)
  4 rats
186 creatures vanquished.

Vanquished Creatures (others)
  311 foxfires
311 creatures vanquished.

Grand Total: 497 creatures vanquished

Notes
Turn   | Place    | Note
-------+----------+-------------------------------------------
     0 | D:1      | hawla the Deep Elf Fire Elementalist began the quest for
                  | the Orb.
     0 | D:1      | Reached XP level 1. HP: 10/10 MP: 6/6
   189 | D:1      | Reached XP level 2. HP: 15/15 MP: 2/8
   599 | D:2      | Learned a level 2 spell: Scorch
   667 | D:2      | Found Ahim's Magic Scroll Boutique.
   671 | D:2      | Reached XP level 3. HP: 19/19 MP: 2/10
   800 | D:2      | Bought a scroll of fear for 40 gold pieces
  1363 | D:2      | Found an ancient bone altar of Kikubaaqudgha.
  1368 | D:2      | Reached XP level 4. HP: 24/24 MP: 8/11
  1373 | D:2      | Learned a level 4 spell: Flame Wave
  1635 | D:3      | Found an ancient bone altar of Kikubaaqudgha.
  1635 | D:3      | Noticed Jessica
  1642 | D:3      | Killed Jessica
  1987 | D:3      | Found a sacrificial altar of Ru.
  2215 | D:3      | Noticed Terence
  2220 | D:3      | Killed Terence
  2454 | D:4      | Reached XP level 5. HP: 28/28 MP: 2/12
  2460 | D:4      | Reached skill level 4 in Spellcasting
  2624 | D:4      | Noticed an ogre
  2641 | D:4      | Reached XP level 6. HP: 27/32 MP: 1/15
  2961 | D:4      | Found Exeumo Iwiesh's Antique Weapon Shoppe.
  3007 | D:4      | Identified the +7 sling of Eternal Night {elec, Str+6}
  3016 | D:4      | Reached skill level 5 in Spellcasting
  3022 | D:4      | Noticed Eustachio
  3057 | D:4      | Killed Eustachio
  3058 | D:4      | Reached skill level 5 in Fire Magic
  3058 | D:4      | Reached XP level 7. HP: 29/36 MP: 0/17
  3293 | D:4      | Noticed Ijyb
  3299 | D:4      | Killed Ijyb
  3408 | D:4      | Reached skill level 6 in Spellcasting
  3601 | D:4      | Reached skill level 5 in Conjurations
  3975 | D:4      | Found a staircase to the Ecumenical Temple.
  4037 | Temple   | Entered the Ecumenical Temple
  4037 | Temple   | Found a transporter.
  4037 | Temple   | Found a transporter.
  4039 | Temple   | Found a transporter.
  4039 | Temple   | Found a transporter.
  4071 | Temple   | Became a worshipper of Vehumet
  4121 | D:5      | Entered Level 5 of the Dungeon
  4121 | D:5      | Noticed Pikel
  4135 | D:5      | Killed Pikel
  4136 | D:5      | Reached skill level 7 in Spellcasting
  4136 | D:5      | Reached XP level 8. HP: 25/42 MP: 11/21
  4389 | D:5      | Reached skill level 8 in Spellcasting
  4529 | D:5      | Found a hide-covered altar of Uskayaw.
  4698 | D:6      | Noticed Edmund
  4706 | D:6      | Killed Edmund
  5044 | D:6      | Found Xissul's CLEARANCE SALE!.
  5082 | D:6      | Found a sand-covered staircase.
  5095 | Ossuary  | Entered an ossuary
  5229 | Ossuary  | Reached * piety under Vehumet
  5229 | Ossuary  | Offered knowledge of Sandblast by Vehumet.
  5239 | Ossuary  | Reached skill level 9 in Spellcasting
  5278 | Ossuary  | Reached skill level 1 in Short Blades
  5481 | D:6      | Noticed Menkaure
  5488 | D:6      | Killed Menkaure
  5489 | D:6      | Reached XP level 9. HP: 37/46 MP: 16/24
  5631 | D:6      | Found a glowing silver altar of Zin.
  5678 | D:6      | Offered knowledge of Magic Dart by Vehumet.
  5685 | D:6      | Reached ** piety under Vehumet
  5690 | D:6      | Learned a level 3 spell: Vampiric Draining
  5786 | D:6      | Reached skill level 1 in Necromancy
  6024 | D:6      | Reached skill level 1 in Evocations
  6100 | D:6      | Bought a scroll of identify for 10 gold pieces
  6179 | D:4      | Bought a runed rapier for 189 gold pieces
  6247 | D:2      | Bought a scroll of enchant weapon for 75 gold pieces
  6247 | D:2      | Bought a scroll of identify for 20 gold pieces
  6247 | D:2      | Bought a scroll of teleportation for 30 gold pieces
  6389 | D:6      | Noticed Prince Ribbit
  6398 | D:6      | Killed Prince Ribbit
  6527 | D:6      | Noticed Dowan
  6528 | D:6      | Noticed Duvessa
  6531 | D:6      | Killed Dowan
  6535 | D:6      | Killed Duvessa
  6536 | D:6      | Reached skill level 10 in Spellcasting
  6802 | D:6      | Found a sparkling altar of Nemelex Xobeh.
  7398 | D:7      | Found a bloodstained altar of Trog.
  7441 | D:7      | Identified the +0 ring mail of Fuugrup {rF+ Str+4 Int+3
                  | Dex-4}
  7557 | D:7      | Learned a level 2 spell: Blink
  7892 | D:8      | Found a flagged portal.
  7901 | D:8      | Offered knowledge of Hailstorm by Vehumet.
  7935 | Bailey   | Entered a bailey
  7966 | Bailey   | Reached skill level 11 in Spellcasting
  7971 | Bailey   | Reached *** piety under Vehumet
  8048 | Bailey   | Noticed an orc knight
  8048 | Bailey   | Noticed an orc knight
  8053 | Bailey   | Slain by an orc warrior

Illustrated notes

Levels and vault maps discovered:
D:1:      onia_arrival_pentagram, layout_rooms, kennysheep_doodads
D:2:      layout_basic, basic_altar, serial_shops, nicolae_shop_peninsula
D:3:      layout_loops_ring, kiku_gazebo_pond_becter, hangedman_ru_absence,
          chequers_serial_rivers_small_a, uniq_terence, uniq_jessica
D:4:      layout_layer_cave, minmay_temple_entry_nine_rooms, serial_shops,
          nicolae_lakefront_shop, uniq_eustachio, uniq_ijyb
D:5:      layout_rooms, eat_drink_and_be_merry_uskayaw, uniq_pikel
D:6:      layout_basic, mainiacjoe_overflow_alcove_1, nemelex_dance_club_becter,
          nicolae_ossuary_entry_ruins, nicolae_shop_clearance,
          uniq_prince_ribbit1, uniq_edmund, uniq_duvessa, uniq_menkaure
D:7:      layout_cave_pods, mainiacjoe_overflow_cross_hatched
D:8:      layout_basic, general_overflow_altar, kennysheep_mini_moat,
          enter_bailey_5, kb_lookout_dungeons_type, uniq_grum, uniq_maurice
Temple:   hellmonk_temple_divided_pantheon
Bailey:   bailey_axe_3, bailey

Skill      XL: |  1  2  3  4  5  6  7  8  9 |
---------------+----------------------------+-----
Fire Magic     | 4 5 6 7 9 |  9.0
Conjurations   | 2 4 5 6 |  6.9
Spellcasting   | 4 5 7 9 11 | 11.1
Stealth        | 3 4 |  4.2
Dodging        | 3 4 |  4.7
Short Blades   | 1 2 |  2.5
Necromancy     | 1 |  1.5
Evocations     | 3 |  3.0
Fighting       | |  0.6
Throwing       | |  0.5

Action                     |  1- 3 |  4- 6 |  7- 9 || total
---------------------------+-------+-------+-------++-------
  Melee: Dagger            |     4 |    46 |       ||    50
         Rapier            |       |       |    50 ||    50
         Punch             |       |       |     1 ||     1
  Throw: Dart              |       |     6 |       ||     6
   Cast: Foxfire           |    40 |    43 |    92 ||   175
         Scorch            |     9 |     9 |    52 ||    70
         Flame Wave        |       |     7 |    19 ||    26
    Use: Scroll            |     6 |     6 |    12 ||    24
         Potion            |       |     2 |     2 ||     4
   Stab: Sleeping          |     1 |       |     2 ||     3
         Invisible         |       |     1 |       ||     1
         Distracted        |       |       |     1 ||     1
 Armour: Robe              |     3 |    33 |    38 ||    74
         Steam dragon scal |       |       |     2 ||     2
  Dodge: Dodged            |     5 |    55 |    87 ||   147
